[ AOE2 MATCH · #505460148 ]
UnrankedSlavs vs Shu
Player's team · WIN
Rival team · LOSS
[ REPLAY ANALYSIS · EXTRACTED FROM THE RECORDED GAME ]
Feudal
9:15
Castle
13:00
Imperial
30:17
| APM avg | 55.5 |
| APM peak | 94 |
| eAPM avg | 30.6 |
| Villagers / military | 119 / 105 |
Focus
⚔️ 50.1% · 🌾 49.9%
Cavalry Archer ×52 · Knight ×31 · Mangonel ×8 · Scout Cavalry ×5 · Monk ×3 · Militia ×3
Feudal
7:35
Castle
12:18
Imperial
28:12
| APM avg | 51.4 |
| APM peak | 82 |
| eAPM avg | 29.7 |
| Villagers / military | 160 / 120 |
Focus
⚔️ 41.5% · 🌾 58.5%
Archer ×82 · Skirmisher ×24 · Mangonel ×7 · Scout Cavalry ×4 · Monk ×3 · Unknown (1942) ×2
Match map
Initial resources + every placement click. Lines = walls · curves = elevation contours. ◆ gold · ⬟ stone · ● berries · ✦ relic · ◌ wall gap
Your base· ✓ Closed at 13:00 · 21t walls · 1 gate(s)
肥猪头's base· Open — opponent sealed themselves in
Smoothed initial terrain · ◌ = detected wall gap · hover for details
Inputs per minute
— 小少少 - - 肥猪头
Build order — 小少少
First 150 of 385 actions detected
| 0:00 | Queue | Villager (Male) |
| 0:00 | Queue | Villager (Male) |
| 0:01 | Queue | Villager (Male) |
| 0:02 | Build | House |
| 0:05 | Queue | Villager (Male) |
| 0:29 | Queue | Villager (Male) |
| 0:36 | Queue | Villager (Male) |
| 0:37 | Queue | Villager (Male) |
| 0:57 | Queue | Villager (Male) |
| 1:05 | Build | House |
| 1:15 | Queue | Villager (Male) |
| 1:32 | Queue | Villager (Male) |
| 1:38 | Build | Lumber Camp |
| 1:52 | Queue | Villager (Male) |
| 2:22 | Queue | Villager (Male) |
| 2:31 | Build | House |
| 2:33 | Queue | Villager (Male) |
| 2:55 | Queue | Villager (Male) |
| 3:43 | Build | House |
| 3:45 | Queue | Villager (Male) |
| 3:51 | Build | Barracks |
| 4:03 | Queue | Villager (Male) |
| 4:47 | Queue | Militia |
| 4:48 | Queue | Militia |
| 4:52 | Build | House |
| 4:54 | Build | Palisade Wall |
| 4:54 | Build | Palisade Wall |
| 4:58 | Queue | Militia |
| 5:10 | Build | Palisade Wall |
| 5:11 | Build | Palisade Wall |
| 5:23 | Build | Mill |
| 5:26 | Queue | Villager (Male) |
| 5:30 | Queue | Villager (Male) |
| 5:31 | Queue | Villager (Male) |
| 5:52 | Build | House |
| 6:57 | Research | Feudal Age |
| 6:57 | Research | Feudal Age |
| 8:42 | Build | House |
| 8:56 | Queue | Villager (Male) |
| 9:15 | Age | Feudal Age |
| 9:16 | Research | Man-at-Arms (upgrade) |
| 9:17 | Queue | Villager (Male) |
| 9:23 | Build | Stable |
| 9:24 | Build | Blacksmith |
| 9:43 | Build | Farm |
| 9:44 | Build | Farm |
| 9:45 | Build | Farm |
| 10:07 | Build | Farm |
| 10:08 | Build | Farm |
| 10:20 | Research | Castle Age |
| 10:30 | Build | House |
| 10:33 | Build | Farm |
| 10:34 | Build | Farm |
| 10:47 | Build | House |
| 10:50 | Research | Double-Bit Axe |
| 10:50 | Research | Double-Bit Axe |
| 10:52 | Research | Horse Collar |
| 11:04 | Build | Palisade Gate |
| 11:12 | Build | House |
| 11:30 | Build | Archery Range |
| 11:34 | Queue | Spearman |
| 11:57 | Build | Archery Range |
| 12:04 | Research | Fletching |
| 12:21 | Build | Lumber Camp |
| 12:33 | Queue | Villager (Male) |
| 12:34 | Queue | Villager (Male) |
| 12:37 | Build | House |
| 13:00 | Age | Castle Age |
| 13:02 | Queue | Cavalry Archer |
| 13:03 | Queue | Cavalry Archer |
| 13:06 | Queue | Cavalry Archer |
| 13:08 | Research | Bodkin Arrow |
| 13:11 | Queue | Villager (Male) |
| 13:12 | Research | Bow Saw |
| 13:29 | Queue | Cavalry Archer |
| 13:37 | Queue | Cavalry Archer |
| 13:38 | Queue | Villager (Male) |
| 13:44 | Queue | Cavalry Archer |
| 13:46 | Queue | Cavalry Archer |
| 13:53 | Queue | Cavalry Archer |
| 13:55 | Queue | Villager (Male) |
| 14:06 | Build | Town Center |
| 14:09 | Queue | Cavalry Archer |
| 14:16 | Queue | Cavalry Archer |
| 14:22 | Research | Husbandry |
| 14:22 | Queue | Cavalry Archer |
| 14:24 | Queue | Villager (Male) |
| 14:44 | Queue | Villager (Male) |
| 14:51 | Queue | Cavalry Archer |
| 14:53 | Queue | Villager (Male) |
| 15:03 | Queue | Villager (Male) |
| 15:05 | Build | Farm |
| 15:07 | Build | Farm |
| 15:08 | Build | Farm |
| 15:19 | Queue | Villager (Male) |
| 15:24 | Build | Mining Camp |
| 15:26 | Queue | Villager (Male) |
| 15:31 | Build | Town Center |
| 15:36 | Queue | Villager (Male) |
| 15:43 | Research | Padded Archer Armor |
| 15:50 | Queue | Villager (Male) |
| 15:51 | Queue | Cavalry Archer |
| 15:54 | Queue | Villager (Male) |
| 15:55 | Build | Farm |
| 16:28 | Queue | Villager (Male) |
| 16:30 | Queue | Villager (Male) |
| 16:34 | Build | Monastery |
| 17:02 | Queue | Cavalry Archer |
| 17:03 | Queue | Villager (Male) |
| 17:03 | Queue | Villager (Male) |
| 17:04 | Queue | Villager (Male) |
| 17:04 | Queue | Villager (Male) |
| 17:06 | Build | Mining Camp |
| 17:15 | Queue | Cavalry Archer |
| 17:16 | Queue | Villager (Male) |
| 17:29 | Queue | Cavalry Archer |
| 17:37 | Queue | Villager (Male) |
| 17:38 | Queue | Villager (Male) |
| 17:39 | Build | Town Center |
| 17:43 | Queue | Villager (Male) |
| 17:43 | Queue | Villager (Male) |
| 17:50 | Research | Loom |
| 17:51 | Queue | Cavalry Archer |
| 17:53 | Queue | Villager (Male) |
| 17:56 | Build | House |
| 17:56 | Build | House |
| 18:10 | Queue | Cavalry Archer |
| 18:12 | Queue | Villager (Male) |
| 18:19 | Queue | Villager (Male) |
| 18:21 | Build | Farm |
| 18:22 | Build | Farm |
| 18:22 | Queue | Cavalry Archer |
| 18:28 | Queue | Villager (Male) |
| 18:33 | Build | House |
| 18:36 | Queue | Cavalry Archer |
| 18:42 | Queue | Villager (Male) |
| 18:43 | Queue | Villager (Male) |
| 18:47 | Research | Gold Mining |
| 18:47 | Research | Gold Mining |
| 18:48 | Queue | Villager (Male) |
| 18:50 | Queue | Villager (Male) |
| 19:01 | Queue | Cavalry Archer |
| 19:09 | Build | Siege Workshop |
| 19:12 | Queue | Cavalry Archer |
| 19:14 | Queue | Knight |
| 19:30 | Research | Scale Barding Armor |
| 19:33 | Queue | Monk |
| 19:38 | Queue | Cavalry Archer |
| 19:39 | Queue | Villager (Male) |
| 19:41 | Build | Farm |
Build order — 肥猪头
First 150 of 403 actions detected
| 0:00 | Queue | Villager (Male) |
| 0:00 | Queue | Villager (Male) |
| 0:00 | Queue | Villager (Male) |
| 0:01 | Build | House |
| 0:02 | Build | House |
| 0:08 | Queue | Villager (Male) |
| 0:27 | Build | Lumber Camp |
| 0:31 | Queue | Villager (Male) |
| 1:04 | Queue | Villager (Male) |
| 1:05 | Queue | Villager (Male) |
| 1:17 | Queue | Villager (Male) |
| 1:33 | Build | House |
| 1:37 | Build | House |
| 1:43 | Queue | Villager (Male) |
| 1:58 | Queue | Villager (Male) |
| 2:04 | Queue | Villager (Male) |
| 2:25 | Queue | Villager (Male) |
| 2:37 | Queue | Villager (Male) |
| 2:53 | Queue | Villager (Male) |
| 3:17 | Queue | Villager (Male) |
| 3:17 | Queue | Villager (Male) |
| 3:29 | Build | Dock |
| 3:40 | Build | House |
| 3:53 | Build | Mill |
| 3:54 | Queue | Villager (Male) |
| 4:22 | Build | Palisade Wall |
| 4:23 | Build | Palisade Wall |
| 5:12 | Research | Feudal Age |
| 5:30 | Build | House |
| 5:32 | Build | Palisade Wall |
| 5:36 | Build | Barracks |
| 5:37 | Build | Palisade Wall |
| 5:59 | Queue | Villager (Male) |
| 6:02 | Queue | Villager (Male) |
| 7:20 | Build | Palisade Wall |
| 7:22 | Build | Palisade Wall |
| 7:34 | Research | Loom |
| 7:35 | Queue | Villager (Male) |
| 7:35 | Age | Feudal Age |
| 7:44 | Build | House |
| 7:53 | Research | Double-Bit Axe |
| 8:01 | Build | Stable |
| 8:05 | Build | House |
| 8:33 | Queue | Villager (Male) |
| 8:59 | Queue | Villager (Male) |
| 9:02 | Queue | Scout Cavalry |
| 9:05 | Build | Blacksmith |
| 9:38 | Research | Castle Age |
| 9:42 | Queue | Scout Cavalry |
| 10:07 | Research | Horse Collar |
| 10:11 | Build | Farm |
| 10:12 | Build | Farm |
| 10:32 | Queue | Scout Cavalry |
| 10:36 | Build | Farm |
| 10:39 | Build | Farm |
| 10:59 | Queue | Villager (Male) |
| 10:59 | Queue | Villager (Male) |
| 11:13 | Build | Farm |
| 12:18 | Age | Castle Age |
| 12:20 | Build | Town Center |
| 12:24 | Research | Bow Saw |
| 12:44 | Build | Town Center |
| 12:45 | Queue | Villager (Male) |
| 12:52 | Build | Monastery |
| 13:10 | Queue | Villager (Male) |
| 13:27 | Queue | Villager (Male) |
| 13:40 | Queue | Monk |
| 13:44 | Queue | Villager (Male) |
| 13:44 | Queue | Villager (Male) |
| 13:55 | Queue | Villager (Male) |
| 13:55 | Queue | Villager (Male) |
| 13:59 | Queue | Villager (Male) |
| 13:59 | Queue | Villager (Male) |
| 14:01 | Build | Farm |
| 14:01 | Build | Farm |
| 14:01 | Build | Farm |
| 14:01 | Build | Farm |
| 14:08 | Queue | Villager (Male) |
| 14:08 | Queue | Villager (Male) |
| 14:13 | Queue | Villager (Male) |
| 14:14 | Queue | Villager (Male) |
| 14:31 | Queue | Monk |
| 14:36 | Queue | Villager (Male) |
| 14:36 | Queue | Villager (Male) |
| 14:48 | Queue | Villager (Male) |
| 15:00 | Queue | Villager (Male) |
| 15:03 | Build | Town Center |
| 15:19 | Build | House |
| 15:20 | Build | House |
| 15:23 | Research | Wheelbarrow |
| 15:27 | Build | Farm |
| 15:28 | Build | Farm |
| 15:28 | Build | Farm |
| 15:33 | Queue | Villager (Male) |
| 15:38 | Build | Farm |
| 15:41 | Queue | Villager (Male) |
| 15:41 | Queue | Villager (Male) |
| 15:43 | Queue | Villager (Male) |
| 15:57 | Queue | Monk |
| 16:07 | Queue | Villager (Male) |
| 16:07 | Queue | Villager (Male) |
| 16:11 | Build | Farm |
| 16:18 | Build | House |
| 16:21 | Queue | Villager (Male) |
| 16:31 | Build | Archery Range |
| 16:41 | Queue | Villager (Male) |
| 16:41 | Queue | Villager (Male) |
| 16:45 | Research | Fletching |
| 16:47 | Queue | Villager (Male) |
| 16:55 | Queue | Villager (Male) |
| 16:56 | Queue | Villager (Male) |
| 17:02 | Queue | Villager (Male) |
| 17:02 | Queue | Villager (Male) |
| 17:04 | Queue | Archer |
| 17:04 | Queue | Archer |
| 17:06 | Queue | Villager (Male) |
| 17:10 | Queue | Villager (Male) |
| 17:18 | Build | Mining Camp |
| 17:19 | Queue | Villager (Male) |
| 17:28 | Queue | Villager (Male) |
| 17:30 | Queue | Villager (Male) |
| 17:30 | Queue | Villager (Male) |
| 17:33 | Build | Archery Range |
| 17:35 | Queue | Villager (Male) |
| 17:38 | Queue | Archer |
| 17:38 | Queue | Archer |
| 17:42 | Queue | Archer |
| 17:43 | Queue | Archer |
| 17:46 | Research | Bodkin Arrow |
| 17:47 | Queue | Villager (Male) |
| 17:48 | Queue | Archer |
| 17:50 | Queue | Villager (Male) |
| 17:50 | Queue | Villager (Male) |
| 17:50 | Queue | Villager (Male) |
| 17:56 | Build | Farm |
| 17:57 | Build | Farm |
| 17:57 | Build | Farm |
| 18:01 | Build | Farm |
| 18:04 | Queue | Villager (Male) |
| 18:13 | Queue | Archer |
| 18:13 | Queue | Archer |
| 18:15 | Build | Farm |
| 18:16 | Queue | Villager (Male) |
| 18:17 | Build | Farm |
| 18:18 | Queue | Villager (Male) |
| 18:26 | Build | Mining Camp |
| 18:29 | Queue | Archer |
| 18:30 | Queue | Archer |
| 18:30 | Queue | Archer |
| 18:33 | Queue | Villager (Male) |
Match timeline
| 3:29 | 肥猪头 · first_building Dock |
| 3:51 | 小少少 · first_building Barracks |
| 4:22 | 肥猪头 · wall_segment Palisade Wall x1 |
| 4:23 | 肥猪头 · wall_segment Palisade Wall x1 |
| 4:54 | 小少少 · wall_segment Palisade Wall x4 |
| 4:54 | 小少少 · wall_segment Palisade Wall x1 |
| 5:10 | 小少少 · wall_segment Palisade Wall x14 |
| 5:11 | 小少少 · wall_segment Palisade Wall x2 |
| 5:32 | 肥猪头 · wall_segment Palisade Wall x4 |
| 5:36 | 肥猪头 · first_building Barracks |
| 5:37 | 肥猪头 · wall_segment Palisade Wall x1 |
| 7:20 | 肥猪头 · wall_segment Palisade Wall x1 |
| 7:22 | 肥猪头 · wall_segment Palisade Wall x1 |
| 7:35 | 肥猪头 · age_up feudal |
| 8:01 | 肥猪头 · first_building Stable |
| 9:15 | 小少少 · age_up feudal |
| 9:23 | 小少少 · first_building Stable |
| 11:30 | 小少少 · first_building Archery Range |
| 12:18 | 肥猪头 · age_up castle |
| 12:52 | 肥猪头 · first_building Monastery |
| 13:00 | 小少少 · age_up castle |
| 16:31 | 肥猪头 · first_building Archery Range |
| 16:34 | 小少少 · first_building Monastery |
| 19:09 | 小少少 · first_building Siege Workshop |
| 22:02 | 肥猪头 · first_building Castle |
| 22:08 | 肥猪头 · first_building Siege Workshop |
| 24:47 | 肥猪头 · first_market_sell 100 wood |
| 24:49 | 肥猪头 · first_market_buy 100 food |
| 27:07 | 小少少 · first_market_buy 100 food |
| 28:12 | 肥猪头 · age_up imperial |
| 30:04 | 小少少 · first_building Castle |
| 30:17 | 小少少 · age_up imperial |
| 30:35 | 小少少 · first_market_sell 500 wood |
| 33:04 | 肥猪头 · wall_segment Stone Wall x1 |
| 33:08 | 肥猪头 · wall_segment Stone Wall x1 |
| 33:41 | 小少少 · first_building Dock |
| 34:31 | 肥猪头 · resign |
[ AI ANALYSIS · 1 CREDIT ]
What really happened in this match?
Wolo.gg analyzes every decision: build order, eco, micro, common mistakes by bracket. Personalized analysis on WhatsApp or Discord in 30 seconds.
Civ guide
Slavs
Perfil
Jugador #9750845